A- WEST
RANCHO CUCAMONGA QUAKES @ INLAND EMPIRE 66ERS
07/29/2041
 
TOP OF THE 1ST
Rancho Cucamonga Quakes batting - Pitching for Inland Empire 66ers : LHP Raúl Castillo
Pitching: LHP Raúl Castillo
Batting: RHB Jorge Cabrera 0-0: Ball
1-0: Ball
2-0: Called Strike
2-1: Foul Ball, location: 5F
2-2: Ball
3-2: Foul Ball, location: 9LMF
3-2: Foul Ball, location: 9LMF
3-2: Fly out, F8 (Line Drive, 8LM, EV 86.9 MPH)
Batting: LHB Oliver Bristow 0-0: Called Strike
0-1: Ball
1-1: Ball
2-1: Ball
3-1: Foul Ball, location: 3F
3-2: Strikes out swinging
Batting: LHB António Martínez 0-0: Ball
1-0: Ground out 6-3 (Groundball, 6, EV 108.8 MPH)
Top of the 1st over - 0 runs, 0 hits, 0 errors, 0 left on base; Rancho Cucamonga 0 - Inland Empire 0
BOTTOM OF THE 1ST
Inland Empire 66ers batting - Pitching for Rancho Cucamonga Quakes : RHP Jim Sampson
Pitching: RHP Jim Sampson
Batting: LHB Sergio Aguilar 0-0: Ground out 4-3 (Groundball, 34D, EV 88.1 MPH)
Batting: RHB Manny Alfaro 0-0: Called Strike
0-1: Fly out, F8 (Flyball, 8RXD, EV 81.3 MPH)
Batting: LHB David Pérez 0-0: Ball
1-0: Fly out, F6 (Popup, 6MS, EV 68.1 MPH)
Bottom of the 1st over - 0 runs, 0 hits, 0 errors, 0 left on base; Rancho Cucamonga 0 - Inland Empire 0
TOP OF THE 2ND
Rancho Cucamonga Quakes batting - Pitching for Inland Empire 66ers : LHP Raúl Castillo
Batting: RHB Erik York 0-0: Ball
1-0: Ball
2-0: Ball
3-0: Base on Balls
Batting: RHB Steve Smith 0-0: SINGLE (Groundball, 4, EV 90.0 MPH)
Erik York to second
Batting: RHB Rodrigo Martínez 0-0: Sac Bunt to 25 - play at first, batter OUT! 5-3
Erik York to third
Steve Smith to second
Batting: RHB Jody Barker 0-0: Ball
1-0: Ball
2-0: Foul Ball, location: 9LSF
2-1: Foul Ball, location: 3F
2-2: Ground out U3 (Groundball, 34, EV 83.8 MPH)
Erik York scores
Steve Smith to third
Batting: RHB Nacho Noriega 0-0: Ball
1-0: Ball
2-0: Swinging Strike
2-1: Swinging Strike
2-2: Ball
3-2: Base on Balls
Batting: RHB Jesús Álvarez 0-0: Ball
1-0: Ball
2-0: Called Strike
2-1: Swinging Strike
2-2: Ball
3-2: Strikes out swinging
Top of the 2nd over - 1 run, 1 hit, 0 errors, 2 left on base; Rancho Cucamonga 1 - Inland Empire 0
BOTTOM OF THE 2ND
Inland Empire 66ers batting - Pitching for Rancho Cucamonga Quakes : RHP Jim Sampson
Batting: RHB José Martínez 0-0: Foul Ball, location: 2F
0-1: Ball
1-1: Foul Ball, location: 2F
1-2: Ball
2-2: Foul Ball, location: 3FF
2-2: Ball
3-2: Strikes out swinging
Batting: RHB Eric Goodman 0-0: Ball
1-0: Swinging Strike
1-1: Ball
2-1: Foul Ball, location: 3FF
2-2: Foul Ball, location: 2F
2-2: Foul Ball, location: 3FF
2-2: Strikes out swinging
Batting: RHB Andy Branch 0-0: Ball
1-0: DOUBLE (Flyball, 89XD, EV 98.1 MPH)
Batting: RHB Juan Vidal 0-0: Fly out, F7 (Line Drive, 78M, EV 95.6 MPH)
Bottom of the 2nd over - 0 runs, 1 hit, 0 errors, 1 left on base; Rancho Cucamonga 1 - Inland Empire 0
TOP OF THE 3RD
Rancho Cucamonga Quakes batting - Pitching for Inland Empire 66ers : LHP Raúl Castillo
Batting: RHB Jorge Cabrera 0-0: Ball
1-0: Foul Ball, location: 23F
1-1: Foul Ball, location: 2F
1-2: Ball
2-2: Foul Ball, location: 3F
2-2: Foul Ball, location: 7LDF
2-2: Foul Ball, location: 2F
2-2: Strikes out swinging
Batting: LHB Oliver Bristow 0-0: Foul Ball, location: 2F
0-1: Ball
1-1: Swinging Strike
1-2: Foul Ball, location: 7LDF
1-2: SINGLE (Groundball, 13, EV 63.1 MPH) (infield hit)
Batting: LHB António Martínez 0-0: Ball
1-0: Called Strike
1-1: Ball
2-1: Fielders Choice at 2nd, 3-6 (Groundball, 3, EV 101.9 MPH)
Batting: RHB Erik York 0-0: Swinging Strike
0-1: Fly out, F4 (Popup, 4S, EV 76.9 MPH)
Top of the 3rd over - 0 runs, 1 hit, 0 errors, 1 left on base; Rancho Cucamonga 1 - Inland Empire 0
BOTTOM OF THE 3RD
Inland Empire 66ers batting - Pitching for Rancho Cucamonga Quakes : RHP Jim Sampson
Batting: RHB Wilson Robles 0-0: Ball
1-0: Called Strike
1-1: Swinging Strike
1-2: Strikes out swinging
Batting: RHB Sergio Jiménez 0-0: Called Strike
0-1: Ball
1-1: Foul Ball, location: 23F
1-2: Ball
2-2: DOUBLE (Line Drive, 9LS, EV 90.0 MPH)
Batting: LHB Sergio Aguilar 0-0: Ball
1-0: Called Strike
1-1: Foul Ball, location: 5F
1-2: Fly out, F6 (Popup, 6MD, EV 66.3 MPH)
Batting: RHB Manny Alfaro 0-0: Foul Ball, location: 5FF
0-1: Swinging Strike
0-2: Ball
1-2: Strikes out looking
Bottom of the 3rd over - 0 runs, 1 hit, 0 errors, 1 left on base; Rancho Cucamonga 1 - Inland Empire 0
TOP OF THE 4TH
Rancho Cucamonga Quakes batting - Pitching for Inland Empire 66ers : LHP Raúl Castillo
Batting: RHB Steve Smith 0-0: Called Strike
0-1: SINGLE (Groundball, 34D, EV 106.9 MPH)
Batting: RHB Rodrigo Martínez 0-0: Ball
1-0: Sac Bunt to 15 - play at second, runner OUT! 1-6
Batting: RHB Jody Barker 0-0: Ball
1-0: Foul Ball, location: 9LSF
1-1: Ball
2-1: Foul Ball, location: 5F
2-2: Ball
3-2: DOUBLE (Line Drive, 9LM, EV 98.1 MPH)
Rodrigo Martínez to third
Rodrigo Martínez scores
Batting: RHB Nacho Noriega 0-0: Ball
1-0: Fly out, F3 (Popup, 3SF, EV 73.1 MPH)
Batting: RHB Jesús Álvarez 0-0: Called Strike
0-1: Swinging Strike
0-2: Ball
1-2: Strikes out swinging
Top of the 4th over - 1 run, 2 hits, 0 errors, 1 left on base; Rancho Cucamonga 2 - Inland Empire 0
BOTTOM OF THE 4TH
Inland Empire 66ers batting - Pitching for Rancho Cucamonga Quakes : RHP Jim Sampson
Batting: LHB David Pérez 0-0: SINGLE (Groundball, 34, EV 107.5 MPH)
Batting: RHB José Martínez 0-0: Grounds into double play, 5-4-3 (Groundball, 5S, EV 85.0 MPH)
Batting: RHB Eric Goodman 0-0: Ball
1-0: Called Strike
1-1: Ball
2-1: Foul Ball, location: 2F
2-2: Strikes out swinging
Bottom of the 4th over - 0 runs, 1 hit, 0 errors, 0 left on base; Rancho Cucamonga 2 - Inland Empire 0
TOP OF THE 5TH
Rancho Cucamonga Quakes batting - Pitching for Inland Empire 66ers : LHP Raúl Castillo
Batting: RHB Jorge Cabrera 0-0: SINGLE (Line Drive, 9S, EV 97.5 MPH)
Batting: LHB Oliver Bristow 0-0: Called Strike
Jorge Cabrera is caught stealing 2nd base 2-6
0-1: Foul Ball, location: 2F
0-2: Strikes out swinging
Batting: LHB António Martínez 0-0: Ball
1-0: Called Strike
1-1: Ball
2-1: Ball
3-1: Ground out 6-3 (Groundball, 6, EV 83.8 MPH)
Top of the 5th over - 0 runs, 1 hit, 0 errors, 0 left on base; Rancho Cucamonga 2 - Inland Empire 0
BOTTOM OF THE 5TH
Inland Empire 66ers batting - Pitching for Rancho Cucamonga Quakes : RHP Jim Sampson
Batting: RHB Andy Branch 0-0: Ball
1-0: Ground out 5-3 (Groundball, 56S, EV 66.9 MPH)
Batting: RHB Juan Vidal 0-0: Ground out 5-3 (Groundball, 5, EV 86.3 MPH)
Batting: RHB Wilson Robles 0-0: Ball
1-0: Ball
2-0: Ball
3-0: Base on Balls
Batting: RHB Sergio Jiménez 0-0: Ball
1-0: Ball
Wilson Robles is caught stealing 2nd base 2-4
Bottom of the 5th over - 0 runs, 0 hits, 0 errors, 0 left on base; Rancho Cucamonga 2 - Inland Empire 0
TOP OF THE 6TH
Rancho Cucamonga Quakes batting - Pitching for Inland Empire 66ers : LHP Raúl Castillo
Pitching: RHP Dan Lawson
Batting: RHB Erik York 0-0: Called Strike
0-1: Ball
1-1: Swinging Strike
1-2: Ball
2-2: Ball
3-2: Base on Balls
Batting: RHB Steve Smith 0-0: DOUBLE (Line Drive, 89D, EV 105.6 MPH)
Erik York to third
Runner from 3rd tries for Home, throw by RF and OUT! 9-4-2
Steve Smith to third
Batting: RHB Rodrigo Martínez 0-0: Ball
1-0: Ball
2-0: Ball
3-0: Called Strike
3-1: Called Strike
3-2: Strikes out swinging
Batting: RHB Jody Barker 0-0: Called Strike
0-1: Called Strike
0-2: Strikes out looking
Top of the 6th over - 0 runs, 1 hit, 0 errors, 1 left on base; Rancho Cucamonga 2 - Inland Empire 0
BOTTOM OF THE 6TH
Inland Empire 66ers batting - Pitching for Rancho Cucamonga Quakes : RHP Jim Sampson
Batting: RHB Sergio Jiménez 0-0: Ball
1-0: Ball
2-0: Ball
3-0: Called Strike
3-1: Base on Balls
Batting: LHB Sergio Aguilar 0-0: Foul Ball, location: 5FF
0-1: Ball
1-1: Bunted foul
1-2: Foul Ball, location: 3SF
1-2: Strikes out looking
Batting: RHB Manny Alfaro 0-0: Swinging Strike
0-1: Swinging Strike
0-2: Strikes out looking
Batting: LHB David Pérez 0-0: Ball
1-0: Ball
2-0: Foul Ball, location: 2F
2-1: Swinging Strike
2-2: SINGLE (Groundball, 6MD, EV 96.3 MPH)
Sergio Jiménez to second
Batting: RHB José Martínez 0-0: Ball
1-0: Ball
2-0: Ball
3-0: Called Strike
3-1: Base on Balls
Sergio Jiménez to third
David Pérez to second
Batting: RHB Eric Goodman 0-0: Swinging Strike
0-1: Ball
1-1: Called Strike
1-2: Ball
2-2: Strikes out swinging
Bottom of the 6th over - 0 runs, 1 hit, 0 errors, 3 left on base; Rancho Cucamonga 2 - Inland Empire 0
TOP OF THE 7TH
Rancho Cucamonga Quakes batting - Pitching for Inland Empire 66ers : RHP Dan Lawson
Batting: RHB Nacho Noriega 0-0: Called Strike
0-1: Ball
1-1: Ball
2-1: Foul Ball, location: 2F
2-2: Ball
3-2: Ground out 6-3 (Groundball, 6S, EV 80.0 MPH)
Batting: RHB Jesús Álvarez 0-0: Swinging Strike
0-1: Called Strike
0-2: Foul Ball, location: 2F
0-2: Strikes out swinging
Batting: RHB Jorge Cabrera 0-0: Ball
1-0: Ball
2-0: Foul Ball, location: 7LSF
2-1: Fly out, F8 (Flyball, 8LM, EV 82.5 MPH)
Top of the 7th over - 0 runs, 0 hits, 0 errors, 0 left on base; Rancho Cucamonga 2 - Inland Empire 0
BOTTOM OF THE 7TH
Inland Empire 66ers batting - Pitching for Rancho Cucamonga Quakes : RHP Jim Sampson
Batting: RHB Andy Branch 0-0: Fly out, F9 (Line Drive, 9, EV 106.9 MPH)
Batting: RHB Juan Vidal 0-0: Swinging Strike
0-1: Called Strike
0-2: Strikes out swinging
Batting: RHB Wilson Robles 0-0: Ball
1-0: Ball
2-0: Ball
3-0: Called Strike
3-1: Foul Ball, location: 2F
3-2: SINGLE (Line Drive, 34D, EV 98.1 MPH)
Pitching: LHP Rob Hennessey
Batting: RHB Sergio Jiménez 0-0: Called Strike
0-1: Ball
1-1: Ball
2-1: Ball
3-1: Base on Balls
Wilson Robles to second
Pinch Runner at 2nd Luis Féliz:
Pinch Hitting: RHB Bob O'Bronagham 0-0: Called Strike
0-1: Swinging Strike
0-2: SINGLE (Groundball, 34D, EV 101.9 MPH)
Luis Féliz to third
Sergio Jiménez to second
Batting: RHB Manny Alfaro 0-0: Called Strike
0-1: Swinging Strike
0-2: Strikes out looking
Bottom of the 7th over - 0 runs, 2 hits, 0 errors, 3 left on base; Rancho Cucamonga 2 - Inland Empire 0
TOP OF THE 8TH
Rancho Cucamonga Quakes batting - Pitching for Inland Empire 66ers : RHP Dan Lawson
Now at 1B: Bob O'Bronagham
Now at SS: Mike Vance
Batting: LHB Oliver Bristow 0-0: Ball
1-0: Called Strike
1-1: Ball
2-1: Ball
3-1: Base on Balls
Pitching: LHP Mike Erickson
Batting: LHB António Martínez 0-0: Called Strike
0-1: Ball
1-1: Ball
2-1: Ball
3-1: Base on Balls
Oliver Bristow to second
Batting: RHB Erik York 0-0: Called Strike
0-1: Called Strike
0-2: Ball
1-2: Ball
2-2: Foul Ball, location: 5DF
2-2: Foul Ball, location: 2F
2-2: Strikes out looking
Batting: RHB Steve Smith 0-0: Called Strike
0-1: Ball
1-1: Called Strike
1-2: Strikes out swinging
Batting: RHB Rodrigo Martínez 0-0: Hit by Pitch
Oliver Bristow to third
António Martínez to second
Batting: RHB Jody Barker 0-0: Called Strike
0-1: Called Strike
0-2: Foul Ball, location: 3FF
0-2: Ball
1-2: Foul Ball, location: 2F
1-2: Strikes out looking
Top of the 8th over - 0 runs, 0 hits, 0 errors, 3 left on base; Rancho Cucamonga 2 - Inland Empire 0
BOTTOM OF THE 8TH
Inland Empire 66ers batting - Pitching for Rancho Cucamonga Quakes : LHP Rob Hennessey
Pinch Hitting: RHB Otojiro Kohara 0-0: Foul Ball, location: 2F
0-1: Foul Ball, location: 2F
0-2: Foul Ball, location: 2RF
0-2: Ground out 4-3 (Groundball, 4MS, EV 91.9 MPH)
Batting: RHB José Martínez 0-0: Foul Ball, location: 2F
0-1: Ball
1-1: Swinging Strike
1-2: Foul Ball, location: 2F
1-2: Ball
2-2: Foul Ball, location: 2F
2-2: Foul Ball, location: 2F
2-2: Foul Ball, location: 3F
2-2: Ground out 1-3 (Groundball, 15S, EV 64.4 MPH)
Batting: RHB Eric Goodman 0-0: Ball
1-0: Called Strike
1-1: Foul Ball, location: 2LF
1-2: Ground out U3 (Groundball, 3S, EV 86.3 MPH)
Bottom of the 8th over - 0 runs, 0 hits, 0 errors, 0 left on base; Rancho Cucamonga 2 - Inland Empire 0
TOP OF THE 9TH
Rancho Cucamonga Quakes batting - Pitching for Inland Empire 66ers : LHP Mike Erickson
Now in LF: Andy Branch
Now in RF: Cristián Reyes
Batting: RHB Nacho Noriega 0-0: Ball
1-0: Ball
2-0: Ball
3-0: Base on Balls
Batting: RHB Jesús Álvarez 0-0: Ball
1-0: Bunted foul
1-1: Bunted foul
1-2: Ball
2-2: Foul Ball, location: 3F
2-2: Hit by Pitch
Nacho Noriega to second
Batting: RHB Jorge Cabrera 0-0: Ball
1-0: Ball
2-0: Ball
3-0: Base on Balls
Nacho Noriega to third
Jesús Álvarez to second
Pinch Hitting: RHB Rex Shahan 0-0: Ball
1-0: Swinging Strike
1-1: Swinging Strike
1-2: Foul Ball, location: 2F
1-2: Ball
2-2: SINGLE (Groundball, 34D, EV 103.8 MPH)
Nacho Noriega scores
Jesús Álvarez to third
Jorge Cabrera to second
Pitching: RHP Juan López
Batting: LHB António Martínez 0-0: Ball
1-0: Called Strike
1-1: Ball
2-1: Ball
3-1: Base on Balls
Jesús Álvarez scores
Jorge Cabrera to third
Rex Shahan to second
Batting: RHB Erik York 0-0: Called Strike
0-1: Grounds into double play, 5-2-3 (Groundball, 56S, EV 82.5 MPH)
Rex Shahan to third
António Martínez to second
Batting: RHB Steve Smith 0-0: Foul Ball, location: 2F
0-1: Ball
1-1: Swinging Strike
1-2: Strikes out looking
Top of the 9th over - 2 runs, 1 hit, 0 errors, 2 left on base; Rancho Cucamonga 4 - Inland Empire 0
BOTTOM OF THE 9TH
Inland Empire 66ers batting - Pitching for Rancho Cucamonga Quakes : LHP Rob Hennessey
Now at 1B: Sergio Martínez
Batting: RHB Andy Branch 0-0: Called Strike
0-1: Ball
1-1: Called Strike
1-2: Strikes out swinging
Batting: RHB Juan Vidal 0-0: Ball
1-0: Ground out U3 (Groundball, 23, EV 83.8 MPH)
Pinch Hitting: SHB Virgil Sullivan 0-0: SOLO HOME RUN (Flyball, 89XD, EV 111.9 MPH), Distance : 436 ft
Batting: RHB Sergio Jiménez 0-0: DOUBLE (Flyball, 89D, EV 106.9 MPH)
Pitching: RHP Greg Walker
Batting: RHB Bob O'Bronagham 0-0: Ball
1-0: Fly out, F8 (Line Drive, 8RD, EV 93.8 MPH)
Bottom of the 9th over - 1 run, 2 hits, 0 errors, 1 left on base; Rancho Cucamonga 4 - Inland Empire 1
Monday, April 1st , 2024 - OOTP Baseball 24.10 Build 82